 Dungeon Crawl Stone Soup version 0.24.0-123-gd5b16e6ec5 (webtiles) character file.

Game seed: 1012296030954230334, levelgen mode: deterministic

32 Chiseanne the Skirmisher (level 3, 12/29 HPs)
             Began as a Demonspawn Warper on Jan 10, 2020.
             Quit the game on level 2 of the Dungeon.
             The game lasted 00:01:31 (1415 turns).

Chiseanne the Skirmisher (Demonspawn Warper)        Turns: 1415, Time: 00:01:32

Health: 12/29      AC:  5    Str: 12    XL:     3   Next: 8%
Magic:  6/6        EV: 10    Int: 14    God:
Gold:   50         SH:  3    Dex: 12    Spells: 4/6 levels left

rFire    . . .     SeeInvis .   a - +1 falchion
rCold    . . .     Gourm    .   h - +0 buckler
rNeg     . . .     Faith    .   k - +0 ring mail
rPois    .         Spirit   .   (helmet restricted)
rElec    .         Reflect  .   (no cloak)
rCorr    .         Harm     .   (no gloves)
MR       .....                  (no boots)
Stlth    +.........             (no amulet)
HPRegen  0.09/turn              (no ring)
MPRegen  0.10/turn              (no ring)

@: no status effects
A: antennae 1, rot immunity
a: no special abilities


You were on level 2 of the Dungeon.
You were not hungry.

You visited 1 branch of the dungeon, and saw 2 of its levels.

You collected 50 gold pieces.

Inventory:

Hand Weapons
 a - a +1 falchion (weapon)
Missiles
 e - 5 boomerangs of dispersal (quivered)
 g - 82 stones
Armour
 h - a +0 buckler (worn)
 k - a +0 ring mail (worn)
Scrolls
 b - a scroll of identify
 d - a scroll of blinking
Potions
 i - a potion of degeneration {unknown}
 j - a potion of haste
Comestibles
 f - 4 rations


   Skills:
 * Level 3.0 Fighting
 - Level 1.7 Long Blades
 - Level 0.8 Throwing
 * Level 1.3 Armour
 - Level 1.7 Dodging
 * Level 1.1 Shields
 - Level 2.0 Spellcasting
 - Level 2.6 Translocations


You had 4 spell levels left.
You knew the following spells:

 Your Spells              Type           Power        Failure   Level  Hunger
a - Blink                 Tloc           N/A          36%         2    ###....

Your spell library contained the following spells:

 Spells                   Type           Power        Failure   Level  Hunger
 Shroud of Golubria       Chrm/Tloc      #.....       54%         2    ###....
 Gell's Gravitas          Tloc           #.........   58%         3    ####...
 Lesser Beckoning         Tloc           #.........   58%         3    ####...
 Teleport Other           Tloc           #.......     58%         3    ####...
 Passage of Golubria      Tloc           N/A          94%         4    #####..


Dungeon Overview and Level Annotations

Branches:
Dungeon (2/15)

Altars:


Innate Abilities, Weirdness & Mutations

You have a pair of small antennae on your head.
You are immune to rotting.


Message History

You barely miss the bat.
The bat is severely wounded.
The bat closely misses you. The bat hits you but does no damage. x2
You closely miss the bat.
The bat is severely wounded.
The bat barely misses you.
You hit the worm.
The worm is severely wounded.
You hit the worm.
You kill the worm!
You have reached level 3!
Your experience leads to an increase in your attributes!
Increase (S)trength, (I)ntelligence, or (D)exterity?
You feel stronger.
Your demonic ancestry asserts itself...
A pair of antennae grows on your head! The bat hits you but does no damage.
You hit the bat.
You kill the bat!
Your Fighting skill increases to level 3!
Are you sure you want to abandon this character and quit the game? (Confirm with "yes".)

######### ##### #.......#
.....###.......#
#...........#..#
#.......#.#..#
#.#...#.#.#..#######
#.#@#.#.#........###
#.#.#.#.#.#.........
#...#.#.#.#.........
#.......#.#...........
#...........#...........
.......#.......#.........
.......#....####.........
.......#...## #...).....
.?.....#...# #......###


There were no monsters in sight!

Vanquished Creatures
  A worm (D:2)
  2 leopard geckos
  6 goblins
  6 hobgoblins
  2 jackals (D:1)
  2 bats
  2 kobolds (D:1)
  4 rats
25 creatures vanquished.

Notes
Turn   | Place    | Note
-------+----------+-------------------------------------------
     0 | D:1      | Chiseanne the Demonspawn Warper began the quest for the
                  | Orb.
     0 | D:1      | Reached XP level 1. HP: 16/16 MP: 3/3
   291 | D:1      | Gained mutation: You are immune to rotting. [demonic
                  | ancestry]
   291 | D:1      | Reached XP level 2. HP: 17/23 MP: 5/5
   487 | D:1      | Reached skill level 1 in Armour
  1005 | D:2      | Learned a level 2 spell: Blink
  1098 | D:2      | Reached skill level 1 in Shields
  1413 | D:2      | Gained mutation: You have a pair of small antennae on your
                  | head. [demonic ancestry]
  1413 | D:2      | Reached XP level 3. HP: 12/28 MP: 6/6
  1414 | D:2      | Reached skill level 3 in Fighting
  1415 | D:2      | Quit the game

Levels and vault maps discovered:
D:1:      sevenhm_arrival_forest_fort_large_4, layout_rooms, serial_bayou_pond_c
D:2:      layout_basic, first_ration, minmay_misc_feat_more_columns,
          minmay_cupped, uniq_crazy_yiuf_cottage

Skill      XL: |  1  2  3 |
---------------+----------+-----
Armour         | 1 |  1.3
Shields        | 1 |  1.1
Fighting       | 3 |  3.0
Long Blades    | |  1.7
Throwing       | |  0.8
Dodging        | |  1.7
Spellcasting   | |  2.0
Translocations | |  2.6

Action                   || total
-------------------------++-------
Melee: Falchion          ||    85
  Use: Scroll            ||     4
  Eat: Chunk             ||     2
Armor: Leather armour    ||     7
       Ring mail         ||    36
Dodge: Dodged            ||    42
Block: Buckler           ||     9
       Rpst.: Falchion   ||    15
